Map: Ruins of Endion

Players

Monster

  • Race: Terran Terran
  • League: Master

Miszu - Winner!

  • Race: Terran Terran
  • League: Master

VOD

Have the link to the VOD?

Description

Time

  • Played on: May 3, 2016, 11:49 a.m.
  • Length: 13:40
Show
View Real Time Build Order
Export as new Build Order

Monster Terran 

Build Orders: 1/1/1, MMM Bio, Banshee Rush 

Get SALT Encoding   

  12  0:01  SCV  
  13  0:13  SCV  
  14  0:17  Supply Depot  
  14  0:25  SCV  
  15  0:28  Refinery  
  15  0:40  Barracks  
  15  0:45  SCV  
  16  0:54  Refinery  
  16  0:57  SCV  
  17  1:09  SCV  
  18  1:21  SCV  
  19  1:28  Factory  
  19  1:34  Orbital Command  
  19  1:39  Reaper  
  20  1:48  Supply Depot  
  20  2:00  SCV  
  21  2:12  Starport, SCV  
  22  2:16  Reaper  
  22  2:18  Factory Tech Lab  
  23  2:25  SCV  
  24  2:38  SCV  
  27  2:44  Hellion  
  27  2:46  Supply Depot  
  27  2:55  Cloaking Field, Banshee  
  27  2:58  Reaper  
  31  3:00  SCV  
  31  3:10  Hellion  
  31  3:12  SCV  
  34  3:17  Engineering Bay  
  34  3:25  SCV  
  35  3:37  Supply Depot  
  35  3:38  Banshee  
  35  3:41  SCV  
  39  3:43  Missile Turret  
  39  3:49  Barracks Reactor  
  39  3:58  SCV  
  38  4:10  SCV  
  38  4:11  Command Center  
  39  4:23  SCV  
  40  4:27  Banshee  
  40  4:32  Supply Depot, Factory Tech Lab  
  40  4:33  Marine  
  40  4:34  Marine  
  42  4:40  SCV  
  43  4:53  SCV  
  43  4:56  Siege Tank  
  47  5:07  Marine x2  
  44  5:10  Banshee  
  49  5:18  SCV  
  47  5:27  Marine  
  47  5:29  Siege Tank  
  47  5:32  Orbital Command  
  50  5:43  Barracks  
  50  5:51  SCV  
  50  5:53  Orbital Command  
  48  6:11  Siege Tank  
  48  6:16  SCV  
  48  6:17  Marine, Barracks  
  51  6:19  Stimpack  
  51  6:24  Medivac  
  50  6:34  Barracks Reactor  
  50  6:36  SCV x2  
  52  6:48  Viking, SCV  
  52  6:49  SCV  
  52  6:52  Terran Infantry Weapons Level 1  
  56  6:58  Marine, Missile Turret  
  56  7:00  SCV  
  58  7:02  SCV  
  58  7:06  Barracks Reactor  
  59  7:11  Marine  
  59  7:13  SCV  
  59  7:14  SCV  
  62  7:16  Supply Depot, Marine  
  62  7:17  Supply Depot  
  62  7:25  Medivac x2, SCV  
  62  7:26  Supply Depot, SCV  
  68  7:34  Marine  
  68  7:35  Supply Depot  
  68  7:37  SCV  
  68  7:38  Bunker, SCV  
  68  7:41  Marine  
  71  7:47  Marine  
  71  7:49  SCV  
  71  7:50  SCV  
  72  7:55  Viking x2  
  74  8:17  Command Center  
  70  8:20  Combat Shields  
  68  8:27  SCV  
  69  8:34  Siege Tank  
  69  8:38  SCV  
  69  8:39  Barracks Reactor, SCV  
  69  8:40  Refinery x2  
  74  8:42  Missile Turret  
  74  8:43  Marine x3  
  74  8:47  Supply Depot  
  77  8:58  SCV x2  
  77  9:01  Marine x3  
  82  9:06  Viking x2  
  86  9:10  SCV  
  87  9:19  SCV  
  87  9:22  SCV  
  89  9:26  Marine  
  89  9:27  Marine x2  
  89  9:31  SCV  
  82  9:32  Marine  
  82  9:35  SCV  
  81  9:41  Marine  
  81  9:43  Medivac x2, SCV  
  82  9:47  SCV, Orbital Command  
  82  9:50  Marine  
  82  9:52  Marine x2  
  84  9:53  Marine  
  84  9:55  Terran Infantry Armor Level 1, SCV  
  84  9:59  SCV  
  89  10:01  Marine  
  89  10:02  Siege Tank  
  88  10:07  SCV  
  88  10:08  Marine  
  88  10:10  Marine  
  88  10:18  Marine x2  
  88  10:22  SCV x2  
  88  10:23  SCV  
  88  10:25  Barracks  
  88  10:27  Medivac  
  88  10:28  Medivac, Barracks  
  95  10:29  Marine  
  95  10:30  Marine x2  
  95  10:34  SCV x2  
  95  10:35  SCV  
  101  10:38  Missile Turret  
  101  10:39  Refinery, Missile Turret  
  101  10:41  Refinery  
  101  10:44  Marine x2  
  101  10:46  SCV x2  
  101  10:47  Marine x2, Siege Tank  
  101  10:48  Marine, SCV  
  101  10:49  Supply Depot  
  112  10:54  Engineering Bay, Armory  
  112  11:01  SCV x2  
  114  11:04  SCV  
  114  11:09  Marine x2  
  114  11:10  Marine x3  
  120  11:17  Barracks Reactor  
  119  11:19  Barracks Reactor  
  119  11:20  Factory, Siege Tank  
  119  11:23  Supply Depot  
  121  11:27  Marine x2  
  121  11:28  Marine x3  
  124  11:41  Medivac  
  124  11:45  Marine x2  
  124  11:46  Marine x3  
  126  11:52  Supply Depot, Siege Tank  
  129  11:54  Marine x3  
  129  11:55  Supply Depot, Marine  
  133  12:08  Supply Depot  
  133  12:09  Supply Depot, Marine x5  
  133  12:12  Marine x2  
  133  12:14  Marine x2  
  127  12:24  Siege Tank  
  127  12:26  Marine  
  127  12:27  Marine  
  127  12:28  Marine  
  133  12:32  Marine x2, Command Center  
  133  12:35  Marine  
  126  12:39  SCV  
  100  12:44  Marine x2  
  100  12:47  Factory Tech Lab  
  100  12:49  Marine x3  
  100  12:50  Marine  
  102  12:54  Marine x2  
  102  12:56  Siege Tank  
  85  13:02  Marine  
  63  13:06  Marine  
  63  13:07  Marine  
Show
View Real Time Build Order
Export as new Build Order

Miszu Terran - Winner!

Build Orders: 1/1/1, MMM Bio 

Get SALT Encoding   

  12  0:02  SCV  
  13  0:14  SCV  
  13  0:18  Supply Depot  
  14  0:27  SCV  
  14  0:28  Refinery  
  15  0:39  SCV  
  16  0:48  Barracks  
  16  0:51  SCV  
  16  0:56  Refinery  
  17  1:03  SCV  
  18  1:16  SCV  
  19  1:30  SCV  
  20  1:36  Factory, Reaper  
  21  1:42  Orbital Command  
  21  1:49  Supply Depot  
  21  2:08  Reaper, SCV  
  23  2:20  SCV  
  23  2:21  Starport, Hellion  
  26  2:32  SCV  
  26  2:33  Supply Depot  
  27  2:40  Reaper  
  27  2:42  Hellion  
  30  2:59  Medivac  
  30  3:04  Hellion  
  34  3:15  Command Center  
  34  3:18  Supply Depot  
  34  3:22  Barracks Tech Lab  
  34  3:25  Factory Tech Lab  
  34  3:32  Viking  
  36  3:48  SCV  
  37  3:49  Cyclone  
  37  3:53  Supply Depot  
  40  4:05  SCV  
  38  4:14  Viking  
  39  4:17  SCV  
  41  4:33  Orbital Command  
  41  4:37  SCV  
  40  4:50  SCV  
  35  5:02  SCV  
  35  5:03  SCV  
  36  5:14  SCV  
  37  5:15  SCV  
  37  5:26  SCV  
  37  5:27  SCV  
  39  5:31  Siege Tank  
  42  5:41  SCV x2  
  43  5:53  SCV x2  
  44  6:05  SCV x2  
  44  6:10  Stimpack  
  46  6:17  SCV x2  
  45  6:23  Marine  
  45  6:29  SCV x2  
  46  6:41  SCV x2  
  46  6:45  Viking  
  50  6:52  Siege Tank  
  50  6:53  SCV  
  54  6:55  SCV  
  55  7:01  Marine  
  55  7:05  SCV  
  57  7:11  SCV  
  57  7:12  Barracks  
  58  7:21  Marine  
  55  7:26  Barracks  
  55  7:33  SCV x2  
  57  7:37  Starport Reactor  
  57  7:39  Marine  
  54  7:45  SCV x2  
  52  7:57  Marine, SCV  
  52  7:59  SCV  
  53  8:09  SCV  
  53  8:11  SCV  
  54  8:14  Marine  
  52  8:22  SCV  
  52  8:23  SCV  
  54  8:31  Barracks Reactor  
  54  8:32  Marine  
  54  8:34  SCV  
  54  8:35  SCV  
  55  8:46  Siege Tank, SCV  
  55  8:47  Barracks Reactor, SCV  
  60  8:48  Combat Shields  
  60  8:50  Marine  
  60  8:54  Engineering Bay  
  61  8:58  SCV  
  61  9:00  SCV  
  61  9:02  Barracks  
  62  9:03  Refinery x2, Barracks  
  62  9:04  Medivac  
  62  9:08  Marine  
  65  9:10  SCV  
  65  9:12  SCV  
  67  9:18  Marine  
  67  9:23  Siege Tank  
  66  9:26  Marine  
  51  9:35  SCV x2  
  51  9:40  Marine x4  
  51  9:44  Marine  
  56  9:47  SCV x2  
  56  9:51  Marine x2  
  60  9:55  Terran Infantry Weapons Level 1  
  60  9:57  Marine  
  60  9:58  Marine x3  
  60  9:59  SCV x2  
  66  10:01  Marine  
  66  10:02  Supply Depot  
  66  10:03  Supply Depot  
  64  10:16  Marine  
  64  10:17  Medivac x2  
  64  10:18  Marine  
  70  10:23  Marine  
  70  10:28  Supply Depot  
  71  10:29  SCV  
  71  10:30  Supply Depot  
  71  10:34  Barracks Reactor  
  71  10:35  Barracks Reactor  
  72  10:37  SCV  
  75  10:47  Medivac x2  
  77  10:53  Marine x5  
  81  11:09  Siege Tank  
  81  11:10  Marine  
  85  11:11  Marine x3  
  85  11:17  Marine  
  85  11:18  Marine x4  
  91  11:19  Medivac x2  
  95  11:28  Marine  
  95  11:29  Marine x2  
  95  11:30  Marine  
  98  11:35  Marine  
  98  11:36  Marine x3  
  98  11:37  Marine  
  100  11:46  Marine  
  100  11:47  Marine  
  101  11:53  Supply Depot  
  102  11:54  Marine x6, Medivac  
  102  11:58  Supply Depot  
  110  12:04  Marine  
  110  12:09  Siege Tank  
  109  12:19  Marine  
  109  12:20  Marine x6  
  116  12:23  Marine  
  116  12:29  Marine  
  109  12:37  Marine  
  109  12:38  Marine x5  
  109  12:41  Siege Tank  
  107  12:57  Marine x2  
  107  12:58  Marine x2  
  103  13:00  Marine  
  103  13:04  Marine  
Tags
 
Add a new tag
Caveats
  • Supply blocks, unpowered buildings, or Contaminate may cause inaccurate times.
  • Supply counts are checked every 10 seconds.